 Dungeon Crawl Stone Soup version 0.29.0-7-g18a832c13a (webtiles) character file.

Game seed: 17313852797087919508

32 sanka the Slasher (level 3, -2/30 HPs)
             Began as a Djinni Chaos Knight on Aug 30, 2022.
             Was a Plaything of Xom.
             Slain by a cane toad (shapeshifter) (18 damage)
             ... on level 2 of the Dungeon.
             The game lasted 00:02:21 (1571 turns).

sanka the Slasher (Djinni Chaos Knight)             Turns: 1571, Time: 00:02:22

Health: -2/30      AC:  6    Str: 17    XL:     3   Next: 45%
Gold:   92         EV: 12    Int: 15    God:    Xom [...*..] SH:  0 Dex: 12

rFire   + + .      SeeInvis .   a - +0 falchion (chaos)
rCold   x . .      Faith    .   (no shield)
rNeg    . . .      Spirit   .   b - +2 leather armour
rPois   ∞          Reflect  .   (no helmet)
rElec   .          Harm     .   p - +0 cloak
rCorr   .          Rampage  .   (no gloves)
Will    .....                   (boots unavailable)
Stlth   +.........              (no amulet)
HPRegen 0.10/turn               l - +6 ring of strength
MPRegen 0.00/turn               (no ring)

@: flying
A: sickness immunity, fire resistance 2, cold vulnerability 1, float, innate
caster, HP casting, extra vitality 1
a: Renounce Religion


You were on level 2 of the Dungeon.
You worshipped Xom.
You were a favourite toy of Xom.
You visited 1 branch of the dungeon, and saw 2 of its levels.

You collected 92 gold pieces.


Innate Abilities, Weirdness & Mutations

You are immune to sickness and miasma.
You are immune to poison.
Your flesh is very heat resistant. (rF++)
You are vulnerable to cold. (rC-)
You float through the air rather than walking.
You learn spells naturally, not from books.
Your magical power is your life essence.
You have superior vitality. (+4 MHP)


   Skills:
 - Level 3.0 Fighting
 + Level 3.9 Long Blades
 - Level 1.0 Armour
 - Level 2.1 Dodging


You had one spell level left.
You knew the following spells:

 Your Spells              Type           Power      Damage    Failure   Level
z - Slow                  Hex            0%         N/A       32%         1
Your spell library was empty.

Inventory:

Hand Weapons
 a - a +0 falchion of chaos (weapon)
Armour
 b - a +2 leather armour (worn)
 p - a +0 cloak (worn)
Jewellery
 l - a +6 ring of strength (left hand)
Scrolls
 d - a scroll of teleportation {unknown}
 e - a scroll of immolation {!r}
 g - a scroll of torment {unknown}
 k - 2 scrolls of fear {unknown}
 m - a scroll of noise {unknown}
 n - a scroll of fog {unknown}
 o - a scroll of vulnerability {unknown}
Potions
 f - a potion of curing {unknown}
 h - 3 potions of heal wounds {unknown}
 i - a potion of haste {unknown}
 j - a potion of ambrosia {unknown}
Miscellaneous
 c - a piece from Xom's chessboard (15/15) (quivered)

Dungeon Overview and Level Annotations

Branches:
Dungeon (2/15)

Altars:

▒▒▒▒▒▒▒▒ ▒......▒ ▒....R.▒ ▒▒▒
▒....F.▒ ▒.▒ ▒......▒▒▒▒▒▒▒▒.▒
▒............▒▒.▒▒▒▒
▒<...........▒▒....▒
▒▒▒▒▒▒▒▒▒▒........<...▒▒▒▒▒.▒▒▒
▒.......▒▒......▒.....▒ ▒......
▒▒▒.▒......'............▒
▒......
....▒.▒▒▒.▒▒...........▒▒
▒......


You could see a cane toad shaped shifter (inner flame).


Message History

The glowing orange brain is poisoned.
You hit the glowing orange brain. You freeze the glowing orange brain.
The glowing orange brain is lightly wounded.
You barely miss the glowing orange brain.
The glowing orange brain is lightly wounded. "Hum-dee-hum-dee-hum..."
The glowing orange brain changes into a shapeshifter!
The shapeshifter changes into a yak!
You barely miss the yak.
Unknown command.
You closely miss the yak. The yak misses you.
Unknown command.
The yak attacks as you move away! The yak gores you.
The yak changes into a cane toad!
There is an open door here.
Okay, then.
There is a stone staircase leading up here.
The cane toad stings you!
* * * LOW HITPOINT WARNING * * *
As you read the scroll labelled BOMOUVVOUQ, it crumbles to dust.
The creatures around you are filled with an inner flame!
It was a scroll of immolation.
Xom thinks this is hilarious!
The cane toad stings you!!
Ouch! That really hurt!
You die...
Xom is highly amused!

Action                   || total
-------------------------++-------
Melee: Falchion          ||    92
  Use: Scroll            ||     1
Armor: Leather armour    ||    34
Dodge: Dodged            ||    74

Levels and vault maps discovered:
D:1:      tarquinn_simple_flora_water_e, layout_basic, minmay_tall_x
D:2:      layout_basic, grunt_ministairs_2

Notes
Turn   | Place    | Note
-------+----------+-------------------------------------------
     0 | D:1      | sanka the Djinni Chaos Knight began the quest for the Orb.
     0 | D:1      | Reached XP level 1. HP: 20/20 MP: 0/0
   144 | D:1      | XOM: silly message
   147 | D:1      | Reached skill level 3 in Long Blades
   269 | D:1      | Reached XP level 2. HP: 6/25 MP: 0/0
   552 | D:1      | You are sucked into a shaft and drop 1 floor!
   552 | D:2      | XOM: stealth player
   894 | D:1      | Reached XP level 3. HP: 29/30 MP: 0/0
   894 | D:1      | Learned a level 1 spell: Slow
  1432 | D:2      | XOM: noise
  1527 | D:2      | Noticed a shapeshifter
  1527 | D:2      | a dart slug changed into a shapeshifter
  1527 | D:2      | Noticed a faun
  1527 | D:2      | a shapeshifter changed into a faun
  1529 | D:2      | Noticed a snapping turtle
  1529 | D:2      | a faun changed into a snapping turtle
  1542 | D:2      | Noticed a glowing orange brain
  1542 | D:2      | a snapping turtle changed into a glowing orange brain
  1554 | D:2      | Noticed a shapeshifter
  1554 | D:2      | a glowing orange brain changed into a shapeshifter
  1554 | D:2      | XOM: polymorph glowing orange brain -> shapeshifter
  1554 | D:2      | Noticed a yak
  1554 | D:2      | a shapeshifter changed into a yak
  1559 | D:2      | Noticed a cane toad
  1559 | D:2      | a yak changed into a cane toad
  1571 | D:2      | Slain by a cane toad (shapeshifter)

Vanquished Creatures
  3 endoplasms
  7 goblins
  A hobgoblin (D:2)
  2 quokkas
  5 ball pythons (D:1)
  2 bats (D:2)
  3 frilled lizards
  4 kobolds (D:1)
  4 rats (D:1)
31 creatures vanquished.
